 Dungeon Crawl Stone Soup version 0.20.0-10-g0535bb4 (webtiles) character file.

2018 shmeve the Fighter (level 9, -1/81 HPs)
             Began as a Minotaur Berserker on June 3, 2017.
             Was an Elder of Trog.
             Slain by a two-headed ogre
             ... wielding a +0 giant club
              (16 damage)
             ... on level 7 of the Dungeon.
             The game lasted 00:10:26 (5366 turns).

shmeve the Fighter (Minotaur Berserker)             Turns: 5366, Time: 00:10:27

Health: -1/81      AC:  8    Str: 24    XL:     9   Next: 3%
Magic:  8/8        EV: 12    Int:  4    God:    Trog [****..]
Gold:   226        SH:  0    Dex: 11    Spells: 8/8 levels left

rFire    . . .     SeeInvis .   a - +0 hand axe
rCold    . . .     Gourm    .   (no shield)
rNeg     . . .     Faith    .   h - +0 scale mail
rPois    .         Spirit   .   (helmet restricted)
rElec    .         Reflect  .   w - +0 cloak
rCorr    +         Harm     .   (no gloves)
MR       ++...                  (no boots)
Stlth    ..........             (no amulet)
Regen    1.3/turn               x - ring of resist corrosion
MPRegen  0.2/turn               (no ring)

@: berserk cooldown, regenerating, slowed, very slow
A: retaliatory headbutt, horns 2
a: Berserk, Trog's Hand, Brothers in Arms, Burn Spellbooks, Renounce Religion


You were on level 7 of the Dungeon.
You worshipped Trog.
Trog was greatly pleased with you.
You were hungry.

You visited 1 branch of the dungeon, and saw 7 of its levels.

You collected 226 gold pieces.

Inventory:

Hand Weapons
 a - a +0 hand axe (weapon)
Missiles
 l - 16 tomahawks (quivered)
Armour
 h - a +0 scale mail (worn)
 w - a +0 cloak (worn)
 y - a +2 shield
Jewellery
 x - a ring of resist corrosion (left hand)
 D - an uncursed amulet of regeneration {unknown}
Wands
 t - a wand of scattershot (6/9)
Scrolls
 b - a scroll of noise {unknown}
 e - 2 scrolls of amnesia {unknown}
 j - 4 scrolls of identify {unknown}
 m - 2 scrolls of random uselessness {unknown}
 p - a scroll of remove curse {unknown}
 r - a scroll of recharging {unknown}
 s - a scroll of enchant armour {unknown}
 v - 2 scrolls of teleportation {unknown}
 F - a scroll of fear {unknown}
Potions
 d - 2 potions of curing {unknown}
 f - 3 potions of lignification {unknown}
 g - 2 potions of heal wounds {unknown}
 k - a potion of degeneration {unknown}
 n - a potion of resistance {unknown}
 o - 3 potions of brilliance {unknown}
 q - a potion of magic {unknown}
 u - 3 potions of haste {unknown}
 A - a potion of flight {unknown}
 B - a potion of agility {unknown}
Comestibles
 c - 2 bread rations
 i - 7 fruits
 z - 7 chunks of flesh
 C - a meat ration
 E - a royal jelly


   Skills:
 - Level 8.0 Fighting
 - Level 7.5 Axes
 - Level 3.9 Throwing
 - Level 5.0 Armour
 - Level 4.7 Dodging
 + Level 6.0 Shields


You had 8 spell levels left.
You didn't know any spells.

Dungeon Overview and Level Annotations

Branches:
Dungeon (7/15)             Temple (0/1) D:4

Altars:
Ashenzari
Dithmenos
Elyvilon
Fedhas
Gozag
Kikubaaqudgha
Nemelex Xobeh
Qazlal
Trog
Uskayaw
Zin

Shops:
D:5 (*

Annotations:
D:4 1 runed door


Innate Abilities, Weirdness & Mutations

You reflexively headbutt those who attack you in melee.
You have a pair of horns on your head.


Message History

The two-headed ogre hits you with a giant club!!
The two-headed ogre closely misses you.
Found a scroll labeled FAF WIYCSONLAEG.
Your skin crawls.
You feel resistant to hostile enchantments.
You are feeling hungry.
The two-headed ogre hits you with a giant club!
The two-headed ogre hits you with a giant spiked club!
The two-headed ogre closely misses you. The two-headed ogre misses you.
You hit the two-headed ogre but do no damage.
The two-headed ogre is lightly wounded.
The two-headed ogre hits you with a giant club!
* * * LOW HITPOINT WARNING * * *
The two-headed ogre hits you with a giant spiked club.
* * * LOW HITPOINT WARNING * * *
You slash the two-headed ogre!
The two-headed ogre is moderately wounded.
The two-headed ogre barely misses you.
The two-headed ogre hits you with a giant spiked club!
You die...

#.............
#.....<.......
#...##..###...
#^..#######?..
##..##........
##..##........
#.............
#....O..<.....
#...##@..###.
##..##...#
#####.....#
...[..#
....?##
##....# #....#
.....#


You could see a two-headed ogre.

Vanquished Creatures
  The ghost of HeyBub the Cleaver, a novice MiMo of Okawaru (D:6)
  Grinder (D:3)
  2 sky beasts
  A phantom (D:5)
  A centaur (D:5)
  An ogre (D:4)
  2 bullfrogs
  3 killer bees (D:7)
  3 hounds
  5 orc priests
  A centaur skeleton (D:5)
  An orc wizard (D:6)
  4 worker ants
  A killer bee zombie (D:6)
  2 hound skeletons
  8 adders
  3 oozes
  2 adder zombies
  4 worms
  3 dart slugs
  3 leopard geckos
  22 orcs
  A ball python (D:3)
  6 giant cockroaches
  7 goblins
  9 hobgoblins
  16 jackals
  8 kobolds
  4 quokkas
  8 bats
  7 frilled lizards
  A giant cockroach zombie (D:5)
  7 rats
148 creatures vanquished.

Notes
Turn   | Place    | Note
-------+----------+-------------------------------------------
     0 | D:1      | shmeve the Minotaur Berserker began the quest for the Orb.
     0 | D:1      | Reached XP level 1. HP: 19/19 MP: 0/0
   333 | D:1      | Reached XP level 2. HP: 24/27 MP: 1/1
   542 | D:1      | Reached skill level 4 in Fighting
   976 | D:1      | Reached ** piety under Trog
   976 | D:1      | Reached XP level 3. HP: 33/33 MP: 2/2
  1157 | D:2      | Found a sparkling altar of Nemelex Xobeh.
  1502 | D:2      | Found a bloodstained altar of Trog.
  1809 | D:3      | Reached skill level 1 in Throwing
  1809 | D:3      | Reached XP level 4. HP: 29/41 MP: 3/3
  1826 | D:3      | Found a stormy altar of Qazlal.
  1826 | D:3      | Found a blossoming altar of Fedhas.
  2266 | D:3      | Noticed Grinder
  2299 | D:3      | Killed Grinder
  2299 | D:3      | Reached skill level 5 in Fighting
  2299 | D:3      | Reached skill level 5 in Axes
  2299 | D:3      | Reached XP level 5. HP: 48/48 MP: 4/4
  2299 | D:3      | Reached XP level 6. HP: 56/56 MP: 5/5
  2310 | D:3      | Found a shattered altar of Ashenzari.
  2788 | D:4      | Reached *** piety under Trog
  3271 | D:4      | Reached skill level 6 in Fighting
  3279 | D:4      | Found a staircase to the Ecumenical Temple.
  3497 | D:4      | Reached XP level 7. HP: 63/63 MP: 6/6
  3606 | D:4      | Found a glowing silver altar of Zin.
  3606 | D:4      | Found a runed door.
  3606 | D:4      | Noticed an angel
  3689 | D:4      | Found a white marble altar of Elyvilon.
  3689 | D:4      | Found an ancient bone altar of Kikubaaqudgha.
  3824 | D:5      | Entered Level 5 of the Dungeon
  4188 | D:5      | Reached skill level 7 in Fighting
  4255 | D:5      | Reached **** piety under Trog
  4342 | D:5      | Found an opulent altar of Gozag.
  4342 | D:5      | Found a glowing silver altar of Zin.
  4645 | D:5      | Found Emmoegea's Assorted Antiques.
  4697 | D:5      | Found Siluukal's Weapon Boutique.
  4734 | D:5      | Received a gift from Trog
  4734 | D:5      | Reached XP level 8. HP: 69/73 MP: 7/7
  4778 | D:6      | Noticed HeyBub's ghost (novice MiMo)
  4794 | D:6      | Killed HeyBub's ghost
  4794 | D:6      | Reached skill level 8 in Fighting
  4794 | D:6      | Reached skill level 5 in Armour
  4827 | D:6      | Found a hide-covered altar of Uskayaw.
  4908 | D:6      | Reached skill level 1 in Shields
  5075 | D:6      | Found a shadowy altar of Dithmenos.
  5236 | D:6      | Reached skill level 5 in Shields
  5333 | D:7      | Noticed a two-headed ogre
  5341 | D:7      | Reached XP level 9. HP: 81/81 MP: 8/8
  5366 | D:7      | Slain by a two-headed ogre

Skill      XL: |  1  2  3  4  5  6  7  8  9 |
---------------+----------------------------+-----
Fighting       | 4 5 6 7 8 |  8.0
Axes           | 4 5 6 7 |  7.5
Throwing       | 1 2 3 |  3.9
Armour         | 3 4 5 |  5.0
Dodging        | 3 4 |  4.7
Shields        | 5 6 |  6.0

Action                   |  1- 3 |  4- 6 |  7- 9 || total
-------------------------+-------+-------+-------++-------
Melee: Hand axe          |    96 |   111 |   177 ||   384
       Headbutt          |    10 |    22 |    27 ||    59
Throw: Tomahawk          |     6 |       |     8 ||    14
Invok: Berserk           |       |     1 |     3 ||     4
       Trog's Hand       |       |     1 |     3 ||     4
  Eat: Chunk             |     3 |     7 |     9 ||    19
Armor: Animal skin       |     5 |       |       ||     5
       Scale mail        |    33 |    37 |    74 ||   144
Dodge: Dodged            |    64 |    54 |    99 ||   217
